Get step-by-step instructions on how to execute this build order below. Start the game timer, and the build order will tick by so you can play in parallel with StarCraft on a second screen or mobile device.

Game Time

  0:00

Last Step

  N/A

Next Step

Upcoming Step



Don't want to look back and forth between 2 screens? Try out our Overwolf App, the Spawning Tool Build Advisor to get an in-game overlay with this build!

Complete Build Order

  12  0:00  SCV  
  13  0:12  SCV  
  14  0:17  Supply Depot  
  14  0:24  SCV  
  15  0:38  SCV  
  15  0:40  Barracks  
  16  0:44  Refinery  
  16  0:50  SCV  
  17  1:03  SCV  
  18  1:15  SCV  
  19  1:27  Orbital Command, Reaper  
  20  1:39  Command Center  
  20  1:48  Supply Depot  
  20  1:53  SCV  
  21  1:59  Marine  
  22  2:05  SCV  
  22  2:07  Barracks  
  23  2:13  Bunker  
  23  2:17  SCV, Marine  
  25  2:29  SCV  
  25  2:37  Barracks Reactor  
  25  2:41  SCV  
  24  2:53  SCV  
  24  2:58  Barracks Tech Lab  
  24  3:05  Command Center, SCV  
  25  3:15  Marine x2  
  25  3:18  Marauder, SCV  
  30  3:21  Supply Depot  
  30  3:30  SCV  
  29  3:42  Marine x3  
  29  3:43  SCV